 Dungeon Crawl Stone Soup version 0.27-a0-522-g46bbb28828 (webtiles) character file.

Game seed: 12884894309160744159

286 Azuregosa the Skirmisher (level 6, 0/40 HPs)
             Began as a Gargoyle Fighter on Mar 5, 2021.
             Slain by Edmund
             ... wielding a +6 dire flail of draining
              (10 damage)
             ... on level 4 of the Dungeon.
             The game lasted 00:16:37 (3121 turns).

Azuregosa the Skirmisher (Gargoyle Fighter)         Turns: 3121, Time: 00:16:38

Health: 0/40       AC: 17    Str: 22    XL:     6   Next: 30%
Magic:  6/6        EV:  4    Int:  8    God:
Gold:   256        SH:  9    Dex:  9    Spells: 5/5 levels left

rFire    . . .     SeeInvis .   a - +0 flail
rCold    . . .     Faith    .   c - +0 kite shield
rNeg     + . .     Spirit   .   u - +0 plate armour
rPois    ∞         Reflect  .   r - +0 helmet
rElec    +         Harm     .   (no cloak)
rCorr    .         Rampage  .   (no gloves)
Will     .....                  (no boots)
Stlth    ..........             (no amulet)
HPRegen  0.13/turn              (no ring)
MPRegen  0.10/turn              (no ring)

@: mighty
A: negative energy resistance 1, electricity resistance, unbreathing 1,
petrification resistance, miasma immunity, AC +4
a: no special abilities


You were on level 4 of the Dungeon.
You visited 1 branch of the dungeon, and saw 5 of its levels.

You collected 256 gold pieces.

Inventory:

Hand Weapons
 a - a +0 flail (weapon)
 p - a +2 vorpal hunting sling
 s - a +0 spear of freezing
Armour
 c - a +0 kite shield (worn)
 q - a +0 chain mail
 r - a +0 helmet (worn)
 u - a +0 plate armour (worn)
Magical Staves
 h - a staff of poison
Scrolls
 b - 2 scrolls of teleportation {unknown}
 e - 2 scrolls of magic mapping {unknown}
 i - a scroll of fog {unknown}
 k - 6 scrolls of identify {unknown}
 l - a scroll of blinking {unknown}
 n - a scroll of fear {unknown}
 t - a scroll of amnesia {unknown}
Potions
 d - 2 potions of might
 f - 3 potions of heal wounds {unknown}
 g - 3 potions of flight {unknown}
 j - a potion of degeneration {unknown}
 m - 3 potions of lignification {unknown}
 o - a potion of brilliance {unknown}


   Skills:
 * Level 5.1 Fighting
 * Level 4.0 Maces & Flails
 + Level 4.2 Armour
 + Level 4.2 Shields


You had 5 spell levels left.
You didn't know any spells.
Your spell library contained the following spells:

 Spells                   Type           Power        Failure   Level
 Beastly Appendage        Tmut           0%           100%        1
 Wereblood                Tmut           0%           100%        2
 Spider Form              Tmut/Pois      0%           100%        3
 Ice Form                 Ice/Tmut       0%           100%        4
 Blade Hands              Tmut           0%           100%        5


Dungeon Overview and Level Annotations

Branches:
Dungeon (5/15)
 Temple: D:4-7

Altars:
Vehumet
Wu Jian
Yredelemnul
The Shining One

Annotations:
D:4 Edmund


Innate Abilities, Weirdness & Mutations

You are resistant to torment.
Your stone body is resilient. (AC +4)
You are immune to poison.
You resist negative energy. (rN+)
You are resistant to electric shocks. (rElec)
You can survive without breathing.
You are immune to petrification.
You are immune to miasma.


Message History

Edmund is lightly wounded.
You block Edmund's attack.
You sock Edmund!
Edmund is moderately wounded.
You block Edmund's attack.
You closely miss Edmund.
Edmund is moderately wounded.
Edmund hits you with a +6 dire flail of draining.
Edmund hits you but does no damage.
Your plate armour prevents you from hitting Edmund.
Edmund is moderately wounded.
You block Edmund's attack.
You closely miss Edmund.
Edmund is moderately wounded.
Edmund hits you with a +6 dire flail of draining.
Your plate armour prevents you from hitting Edmund.
Edmund is moderately wounded.
You block Edmund's attack.
Edmund hits you with a +6 dire flail of draining!
You hit Edmund but do no damage.
Edmund is moderately wounded.
Edmund hits you but does no damage.
You barely miss Edmund.
Edmund is moderately wounded.
Edmund hits you with a +6 dire flail of draining.
You closely miss Edmund.
Edmund is moderately wounded.
Edmund hits you with a +6 dire flail of draining!
* * * LOW HITPOINT WARNING * * *
Edmund hits you with a +6 dire flail of draining.
* * * LOW HITPOINT WARNING * * *
You hit Edmund.
Edmund is moderately wounded.
You block Edmund's attack.
You feel very mighty all of a sudden. Edmund hits you but does no damage.
You sock Edmund!
Edmund is severely wounded.
Edmund hits you with a +6 dire flail of draining!
You die...

......#
.....#########
#.............
##.!...........#
#....).........#
#..............#
#....).........#
##...[@.........#
.......@.[........#
.####.............#
#.............#
#.............#
#.............#
#.............#
....#####+#.####
###. #<#


You could see Edmund.

Vanquished Creatures
  A scorpion (D:5)
  An orc priest (D:4)
  A worker ant (D:4)
  5 adders
  4 gnolls
  2 oozes
  3 worms
  4 dart slugs
  3 leopard geckos (D:1)
  3 orcs
  8 bats
  3 giant cockroaches
  5 hobgoblins
  4 jackals
  2 kobolds
  4 quokkas
  5 frilled lizards
  10 goblins
  A jackal skeleton (D:2)
  A quokka skeleton (D:4)
  8 rats
78 creatures vanquished.

Vanquished Creatures (others)
  A plant (D:3)
1 creature vanquished.

Grand Total: 79 creatures vanquished

Notes
Turn   | Place    | Note
-------+----------+-------------------------------------------
     0 | D:1      | Azuregosa the Gargoyle Fighter began the quest for the Orb.
     0 | D:1      | Reached XP level 1. HP: 14/14 MP: 1/1
    39 | D:2      | Found a faded altar of an unknown god.
    76 | D:2      | Reached XP level 2. HP: 14/19 MP: 2/2
   442 | D:1      | Reached XP level 3. HP: 23/24 MP: 3/3
  1074 | D:1      | Reached skill level 4 in Fighting
  1361 | D:2      | Reached XP level 4. HP: 29/29 MP: 4/4
  1700 | D:2      | Found an ornate altar of the Wu Jian Council.
  2002 | D:2      | Reached XP level 5. HP: 34/34 MP: 5/5
  2435 | D:3      | Found a glowing golden altar of the Shining One.
  2819 | D:5      | Entered Level 5 of the Dungeon
  2831 | D:5      | Reached XP level 6. HP: 40/40 MP: 6/6
  2834 | D:5      | Found a radiant altar of Vehumet.
  2834 | D:5      | Noticed Edmund
  2984 | D:4      | Reached skill level 5 in Fighting
  3121 | D:4      | Slain by Edmund

Illustrated notes

Levels and vault maps discovered:
D:1:      elethiomel_arrival_infinity_welcomes_careful_drivers, layout_basic
D:2:      layout_basic, nzn_wu_jian_contemplation, yredelemnul_altar_generic,
          chequers_ecumenical_altar_simple_redux
D:3:      layout_rooms, tso_oasis_becter
D:4:      layout_basic, nzn_hepliaklqana_mist_gate, minmay_manual_monstrance
D:5:      layout_rooms, lemuel_round_altar, general_overflow_altar,
          portal_sewer_entry_d, uniq_edmund, uniq_ijyb

Skill      XL: |  1  2  3  4  5  6 |
---------------+-------------------+-----
Fighting       | 4 5 |  5.1
Maces & Flails | 3 4 |  4.0
Armour         | 4 |  4.2
Shields        | 4 |  4.2

Action                   |  1- 3 |  4- 6 || total
-------------------------+-------+-------++-------
Melee: Flail             |   119 |   232 ||   351
  Use: Potion            |       |     1 ||     1
Armor: Scale mail        |    57 |    10 ||    67
       Chain mail        |       |    55 ||    55
       Plate armour      |       |   105 ||   105
Dodge: Dodged            |    39 |    56 ||    95
Block: Kite shield       |    62 |   152 ||   214

Table legend: (Time is in decaauts)
 A = Elapsed time spent in this place.
 B = Non-inter-level travel time spent in this place.
 C = Inter-level travel time spent in this place.
 D = Time resting spent in this place.
 E = Time spent auto-exploring this place.
 F = Levels seen in this place.
 G = Mean time per level.
                   A        B        C        D        E       F      G
               +--------+--------+--------+--------+--------+-----+--------+
         Total |   3303 |   3259 |     44 |    463 |   1524 |   5 |  660.6 |
       Dungeon |   3303 |   3259 |     44 |    463 |   1524 |   5 |  660.6 |
               +--------+--------+--------+--------+--------+-----+--------+

Top non-repeatable levels by time:
     D:1: 1158 daAuts
     D:2: 1062 daAuts
     D:3: 730 daAuts
     D:4: 308 daAuts
     D:5: 44 daAuts
